TOP OF THE 1ST |
Portland Sea Dogs batting - Pitching for Arkansas Travelers : RHP Robbie Delgado
|
Pitching: RHP Robbie Delgado
|
|
Batting: LHB Julian Toney
|
0-0: SINGLE (Line Drive, 9, EV 96.9 MPH)
|
Batting: RHB Carlos Nolasco
|
0-0: Ball 1-0: Fly out, F9 (Flyball, 9LM, EV 81.9 MPH)
|
Batting: LHB Shoichi Aso
|
0-0: Ball 1-0: Swinging Strike 1-1: Ball 2-1: Ball 3-1: 2-RUN HOME RUN (Flyball, 89XD, EV 108.1 MPH), Distance : 437 ft
|
Batting: LHB Blake Sams
|
0-0: Foul Ball, location: 2F 0-1: Called Strike 0-2: Ball 1-2: Strikes out looking
|
Batting: RHB Manny Jurado
|
0-0: Foul Ball, location: 2F 0-1: SINGLE (Line Drive, 8RS, EV 101.2 MPH)
|
Batting: RHB Guillermo Quintero
|
0-0: Ball 1-0: Foul Ball, location: 2F 1-1: Fly out, F9 (Flyball, 9, EV 85.6 MPH)
|
Top of the 1st over - 2 runs, 3 hits, 0 errors, 1 left on base; Portland 2 - Arkansas 0 |
BOTTOM OF THE 1ST |
Arkansas Travelers batting - Pitching for Portland Sea Dogs : LHP Eric Del Sordo
|
Pitching: LHP Eric Del Sordo
|
|
Batting: RHB Jose Pineda
|
0-0: Swinging Strike 0-1: Foul Ball, location: 2F 0-2: Ball 1-2: Strikes out swinging
|
Batting: RHB Luis Romero
|
0-0: Ball 1-0: Ball 2-0: Ball 3-0: Called Strike 3-1: Base on Balls
|
Batting: LHB Rusty Ney
|
0-0: Called Strike 0-1: Called Strike 0-2: Strikes out swinging
|
Batting: RHB Jeff Long
|
0-0: Ball Luis Romero is caught stealing 2nd base 2-4
|
Bottom of the 1st over - 0 runs, 0 hits, 0 errors, 0 left on base; Portland 2 - Arkansas 0 |
TOP OF THE 2ND |
Portland Sea Dogs batting - Pitching for Arkansas Travelers : RHP Robbie Delgado
|
Batting: RHB Neil Mautone
|
0-0: Called Strike 0-1: SINGLE (Groundball, 34D, EV 98.8 MPH)
|
Batting: RHB David Norum
|
0-0: Called Strike 0-1: Ball 1-1: Foul Ball, location: 2F 1-2: Strikes out swinging
|
Batting: SHB Gus Cruz
|
0-0: Ball 1-0: Ball 2-0: SINGLE (Groundball, 6S, EV 68.1 MPH) (infield hit) Neil Mautone to second
|
Batting: LHB Julian Toney
|
0-0: Ball 1-0: DOUBLE (Groundball, 5L, EV 101.9 MPH) Neil Mautone scores Gus Cruz to third
|
Batting: RHB Carlos Nolasco
|
0-0: Ball 1-0: Ball 2-0: Ball 3-0: Base on Balls
|
Batting: LHB Shoichi Aso
|
0-0: Ball 1-0: Ball 2-0: Ball 3-0: Called Strike 3-1: Base on Balls Gus Cruz scores Julian Toney to third Carlos Nolasco to second
|
Batting: LHB Blake Sams
|
0-0: SINGLE (Groundball, 4MD, EV 102.5 MPH) Julian Toney scores Carlos Nolasco to third Shoichi Aso to second Runner from 3rd tries for Home, SAFE, throw by CF to home
|
Pitching: RHP Jose Alvarado
|
|
Batting: RHB Manny Jurado
|
0-0: Called Strike 0-1: Called Strike 0-2: Fielders Choice at 2nd, 6-4 (Groundball, 6, EV 106.9 MPH) Shoichi Aso to third
|
Batting: RHB Guillermo Quintero
|
0-0: Swinging Strike 0-1: Called Strike 0-2: Ball 1-2: Ball 2-2: Strikes out looking
|
Top of the 2nd over - 4 runs, 4 hits, 0 errors, 2 left on base; Portland 6 - Arkansas 0 |
BOTTOM OF THE 2ND |
Arkansas Travelers batting - Pitching for Portland Sea Dogs : LHP Eric Del Sordo
|
Batting: RHB Jeff Long
|
0-0: Ground out 5-3 (Groundball, 56, EV 88.1 MPH)
|
Batting: RHB Oren Jones
|
0-0: Ball 1-0: Fly out, F8 (Flyball, 8LM, EV 98.8 MPH)
|
Batting: SHB Mario Padron
|
0-0: Ball 1-0: Ball 2-0: Called Strike 2-1: Fly out, F7 (Line Drive, 7D, EV 93.1 MPH)
|
Bottom of the 2nd over - 0 runs, 0 hits, 0 errors, 0 left on base; Portland 6 - Arkansas 0 |
TOP OF THE 3RD |
Portland Sea Dogs batting - Pitching for Arkansas Travelers : RHP Jose Alvarado
|
Batting: RHB Neil Mautone
|
0-0: Called Strike 0-1: Called Strike 0-2: Ball 1-2: Foul Ball, location: 2F 1-2: Ball 2-2: Ball 3-2: Foul Ball, location: 2F 3-2: Base on Balls
|
Batting: RHB David Norum
|
0-0: Ball 1-0: Foul Ball, location: 2F 1-1: Foul Ball, location: 2F 1-2: Ball 2-2: Foul Ball, location: 2F 2-2: Ground out 5-3 (Groundball, 5S, EV 63.8 MPH) Neil Mautone to second
|
Batting: SHB Gus Cruz
|
0-0: Ball 1-0: Ground out 5-3 (Groundball, 5L, EV 100.6 MPH)
|
Batting: LHB Julian Toney
|
0-0: Called Strike 0-1: Ball 1-1: Ball 2-1: Swinging Strike 2-2: Ball 3-2: Foul Ball, location: 2F 3-2: Base on Balls
|
Batting: RHB Carlos Nolasco
|
0-0: Called Strike 0-1: Swinging Strike 0-2: Ball 1-2: 3-RUN HOME RUN (Flyball, 89XD, EV 101.9 MPH), Distance : 400 ft
|
Batting: LHB Shoichi Aso
|
0-0: Fly out, F9 (Flyball, 9LM, EV 85.0 MPH)
|
Top of the 3rd over - 3 runs, 1 hit, 0 errors, 0 left on base; Portland 9 - Arkansas 0 |
BOTTOM OF THE 3RD |
Arkansas Travelers batting - Pitching for Portland Sea Dogs : LHP Eric Del Sordo
|
Batting: RHB Tsega Haida
|
0-0: Ball 1-0: Ball 2-0: Called Strike 2-1: Swinging Strike 2-2: Strikes out swinging
|
Batting: LHB Tyler Meier
|
0-0: Ball 1-0: Ground out 6-3 (Groundball, 4M, EV 104.4 MPH)
|
Batting: LHB Nick Isaac
|
0-0: Ball 1-0: Ball 2-0: Called Strike 2-1: Ball 3-1: Ground out 4-3 (Groundball, 4, EV 103.8 MPH)
|
Bottom of the 3rd over - 0 runs, 0 hits, 0 errors, 0 left on base; Portland 9 - Arkansas 0 |
TOP OF THE 4TH |
Portland Sea Dogs batting - Pitching for Arkansas Travelers : RHP Jose Alvarado
|
Batting: LHB Blake Sams
|
0-0: Ball 1-0: Ball 2-0: Foul Ball, location: 2F 2-1: Fly out, F7 (Flyball, 7S, EV 80.0 MPH)
|
Batting: RHB Manny Jurado
|
0-0: Called Strike 0-1: Called Strike 0-2: Foul Ball, location: 2F 0-2: Strikes out swinging
|
Batting: RHB Guillermo Quintero
|
0-0: Ball 1-0: Called Strike 1-1: Foul Ball, location: 2F 1-2: Ground out 6-3 (Groundball, 6, EV 85.0 MPH)
|
Top of the 4th over - 0 runs, 0 hits, 0 errors, 0 left on base; Portland 9 - Arkansas 0 |
BOTTOM OF THE 4TH |
Arkansas Travelers batting - Pitching for Portland Sea Dogs : LHP Eric Del Sordo
|
Batting: RHB Jose Pineda
|
0-0: Ball 1-0: Foul Ball, location: 2F 1-1: Ball 2-1: Swinging Strike 2-2: Fly out, F3 (Popup, 34, EV 71.9 MPH)
|
Batting: RHB Luis Romero
|
0-0: Foul Ball, location: 2F 0-1: Ball 1-1: Ball 2-1: Foul Ball, location: 2F 2-2: Ball 3-2: Base on Balls
|
Batting: LHB Rusty Ney
|
0-0: Ball 1-0: Called Strike 1-1: Ball 2-1: Swinging Strike 2-2: DOUBLE (Flyball, 8LXD, EV 105.0 MPH) Luis Romero to third
|
Batting: RHB Jeff Long
|
0-0: Ball 1-0: SINGLE (Flyball, 56D, EV 91.2 MPH) Luis Romero scores Rusty Ney to third
|
Batting: RHB Oren Jones
|
0-0: Ball 1-0: Called Strike Jeff Long is caught stealing 2nd base 2-4 1-1: Ball 2-1: Swinging Strike 2-2: Ball 3-2: Base on Balls
|
Batting: SHB Mario Padron
|
0-0: Ball 1-0: Foul Ball, location: 2F 1-1: Hit by Pitch Oren Jones to second
|
Batting: RHB Tsega Haida
|
0-0: Ball 1-0: Called Strike 1-1: Foul Ball, location: 2F 1-2: Strikes out swinging
|
Bottom of the 4th over - 1 run, 2 hits, 0 errors, 3 left on base; Portland 9 - Arkansas 1 |
TOP OF THE 5TH |
Portland Sea Dogs batting - Pitching for Arkansas Travelers : RHP Jose Alvarado
|
Batting: RHB Neil Mautone
|
0-0: Swinging Strike 0-1: Foul Ball, location: 2F 0-2: Ball 1-2: Strikes out looking
|
Batting: RHB David Norum
|
0-0: Ball 1-0: Called Strike 1-1: Ball 2-1: DOUBLE (Line Drive, 9LM, EV 110.0 MPH)
|
Batting: SHB Gus Cruz
|
0-0: DOUBLE (Line Drive, 89D, EV 109.4 MPH) David Norum scores
|
Batting: LHB Julian Toney
|
0-0: Called Strike 0-1: Foul Ball, location: 2F 0-2: Fly out, F6 (Flyball, 56D, EV 85.0 MPH)
|
Batting: RHB Carlos Nolasco
|
0-0: Ball 1-0: Ball 2-0: Ball 3-0: Base on Balls
|
Pitching: RHP Nick Madrid
|
|
Batting: LHB Shoichi Aso
|
0-0: Swinging Strike 0-1: Ball 1-1: Foul Ball, location: 2F 1-2: Ball 2-2: Strikes out looking
|
Top of the 5th over - 1 run, 2 hits, 0 errors, 2 left on base; Portland 10 - Arkansas 1 |
BOTTOM OF THE 5TH |
Arkansas Travelers batting - Pitching for Portland Sea Dogs : LHP Eric Del Sordo
|
Batting: LHB Tyler Meier
|
0-0: Ball 1-0: SINGLE (Line Drive, 89S, EV 113.8 MPH)
|
Batting: LHB Nick Isaac
|
0-0: Called Strike 0-1: Ball 1-1: Swinging Strike 1-2: Ball 2-2: Strikes out swinging
|
Batting: RHB Jose Pineda
|
0-0: Ball 1-0: SINGLE (Groundball, 56D, EV 101.9 MPH) Tyler Meier to second
|
Batting: RHB Luis Romero
|
0-0: Ball 1-0: Foul Ball, location: 2F 1-1: Ball 2-1: Called Strike Tyler Meier steals 3rd base Jose Pineda to second 2-2: Foul Ball, location: 2F 2-2: Strikes out swinging
|
Batting: LHB Rusty Ney
|
0-0: Ball 1-0: Called Strike 1-1: Swinging Strike 1-2: Foul Ball, location: 2F 1-2: Foul Ball, location: 2F 1-2: Strikes out swinging
|
Bottom of the 5th over - 0 runs, 2 hits, 0 errors, 2 left on base; Portland 10 - Arkansas 1 |
TOP OF THE 6TH |
Portland Sea Dogs batting - Pitching for Arkansas Travelers : RHP Nick Madrid
|
Batting: LHB Blake Sams
|
0-0: Ball 1-0: Ball 2-0: DOUBLE (Line Drive, 7LD, EV 108.8 MPH)
|
Batting: RHB Manny Jurado
|
0-0: Ball 1-0: Swinging Strike 1-1: Foul Ball, location: 2F 1-2: Ground out 6-3 (Groundball, 6, EV 83.8 MPH) Blake Sams to third
|
Batting: RHB Guillermo Quintero
|
0-0: Ground out 6-3 (Groundball, 6, EV 110.0 MPH) Blake Sams scores
|
Batting: RHB Neil Mautone
|
0-0: Fly out, F9 (Flyball, 9LS, EV 76.9 MPH)
|
Top of the 6th over - 1 run, 1 hit, 0 errors, 0 left on base; Portland 11 - Arkansas 1 |
BOTTOM OF THE 6TH |
Arkansas Travelers batting - Pitching for Portland Sea Dogs : LHP Eric Del Sordo
|
Batting: RHB Jeff Long
|
0-0: Foul Ball, location: 2F 0-1: Ground out 6-3 (Groundball, 6, EV 82.5 MPH)
|
Batting: RHB Oren Jones
|
0-0: Ball 1-0: Swinging Strike 1-1: Ball 2-1: DOUBLE (Line Drive, 7LM, EV 100.6 MPH)
|
Batting: SHB Mario Padron
|
0-0: Ball 1-0: Ball 2-0: Ball 3-0: Called Strike 3-1: Foul Ball, location: 2F 3-2: Ground out 6-3 (Groundball, 56, EV 105.6 MPH)
|
Batting: RHB Tsega Haida
|
0-0: Ball 1-0: Ball 2-0: Ground out 5-3 (Groundball, 56S, EV 75.0 MPH)
|
Bottom of the 6th over - 0 runs, 1 hit, 0 errors, 1 left on base; Portland 11 - Arkansas 1 |
TOP OF THE 7TH |
Portland Sea Dogs batting - Pitching for Arkansas Travelers : RHP Nick Madrid
|
Pinch Hitting: RHB Yoshiro Higuchi
|
0-0: Called Strike 0-1: Called Strike 0-2: Foul Ball, location: 2F 0-2: Strikes out swinging
|
Pinch Hitting: RHB Kyle Holland
|
0-0: Ball 1-0: Swinging Strike 1-1: Called Strike 1-2: Foul Ball, location: 2F 1-2: Strikes out swinging
|
Pinch Hitting: RHB Elias Montes
|
0-0: Ball 1-0: Ground out 1-3 (Groundball, P, EV 64.4 MPH)
|
Top of the 7th over - 0 runs, 0 hits, 0 errors, 0 left on base; Portland 11 - Arkansas 1 |
BOTTOM OF THE 7TH |
Arkansas Travelers batting - Pitching for Portland Sea Dogs : LHP Eric Del Sordo
|
Now at 2B: Kyle Holland
|
|
Now at SS: Yoshiro Higuchi
|
|
Now in RF: Elias Montes
|
|
Batting: LHB Tyler Meier
|
0-0: Ball 1-0: Called Strike 1-1: Ball 2-1: Foul Ball, location: 2F 2-2: Reached on error, E7 (Flyball, 78XD, EV 100.6 MPH)
|
Pitching: RHP Cameron Williams
|
|
Batting: LHB Nick Isaac
|
0-0: Foul Ball, location: 2F 0-1: Swinging Strike 0-2: Ball 1-2: Ball 2-2: Strikes out swinging
|
Batting: RHB Jose Pineda
|
0-0: Ball 1-0: SINGLE (Groundball, 34, EV 97.5 MPH) (infield hit) Tyler Meier to third
|
Batting: RHB Luis Romero
|
0-0: Ball 1-0: Called Strike Jose Pineda steals 2nd base (no throw) 1-1: Ball 2-1: Ball 3-1: Base on Balls
|
Pinch Hitting: RHB Malachi Ephron
|
0-0: Fly out, F8 (Flyball, 8RS, EV 82.5 MPH)
|
Batting: RHB Jeff Long
|
0-0: Called Strike 0-1: Called Strike 0-2: Ball 1-2: SINGLE (Groundball, 5S, EV 65.6 MPH) (infield hit) Tyler Meier scores Jose Pineda to third Luis Romero to second
|
Batting: RHB Oren Jones
|
0-0: Fly out, F9 (Flyball, 9D, EV 102.5 MPH)
|
Bottom of the 7th over - 1 run, 2 hits, 1 error, 3 left on base; Portland 11 - Arkansas 2 |
TOP OF THE 8TH |
Portland Sea Dogs batting - Pitching for Arkansas Travelers : RHP Nick Madrid
|
Now in CF: Brendan Bundy
|
|
Pinch Hitting: RHB Trent Hood
|
0-0: Ball 1-0: Ball 2-0: Ball 3-0: Called Strike 3-1: Base on Balls
|
Pinch Hitting: LHB Mike Jones
|
0-0: Called Strike 0-1: Ball 1-1: Foul Ball, location: 2F 1-2: Foul Ball, location: 2F 1-2: Strikes out swinging
|
Pitching: LHP Cody Bodenhamer
|
|
Pinch Hitting: LHB Parker Lowe
|
0-0: Ball 1-0: Swinging Strike 1-1: Swinging Strike 1-2: Ball 2-2: Strikes out swinging
|
Batting: RHB Bobby Albert
|
0-0: Ball 1-0: Ball 2-0: Called Strike 2-1: Foul Ball, location: 2F 2-2: Strikes out swinging
|
Top of the 8th over - 0 runs, 0 hits, 0 errors, 1 left on base; Portland 11 - Arkansas 2 |
BOTTOM OF THE 8TH |
Arkansas Travelers batting - Pitching for Portland Sea Dogs : RHP Cameron Williams
|
Now at 1B: Parker Lowe
|
|
Now at 3B: Trent Hood
|
|
Now in LF: Guillermo Quintero
|
|
Now in CF: Mike Jones
|
|
Batting: SHB Mario Padron
|
0-0: Foul Ball, location: 2F 0-1: Ball 1-1: Swinging Strike 1-2: Ground out 1-3 (Groundball, 13S, EV 68.1 MPH)
|
Batting: RHB Tsega Haida
|
0-0: Called Strike 0-1: Ground out 5-3 (Groundball, 56, EV 87.5 MPH)
|
Batting: LHB Tyler Meier
|
0-0: Ball 1-0: Ball 2-0: SOLO HOME RUN (Flyball, 89XD, EV 103.8 MPH), Distance : 400 ft
|
Batting: LHB Nick Isaac
|
0-0: Ball 1-0: Foul Ball, location: 2F 1-1: Ball 2-1: Ground out U3 (Groundball, 34, EV 76.9 MPH)
|
Bottom of the 8th over - 1 run, 1 hit, 0 errors, 0 left on base; Portland 11 - Arkansas 3 |
TOP OF THE 9TH |
Portland Sea Dogs batting - Pitching for Arkansas Travelers : LHP Cody Bodenhamer
|
Batting: RHB Guillermo Quintero
|
0-0: Ball 1-0: Ball 2-0: Foul Ball, location: 2F 2-1: Ball 3-1: Fly out, F3 (Popup, 34, EV 60.6 MPH)
|
Pinch Hitting: RHB Pat Bulger
|
0-0: Ball 1-0: Ball 2-0: Fly out, F7 (Flyball, 7S, EV 85.0 MPH)
|
Pinch Hitting: RHB Bobby Morales
|
0-0: Called Strike 0-1: Ball 1-1: Called Strike 1-2: Foul Ball, location: 2F 1-2: Strikes out swinging
|
Top of the 9th over - 0 runs, 0 hits, 0 errors, 0 left on base; Portland 11 - Arkansas 3 |
BOTTOM OF THE 9TH |
Arkansas Travelers batting - Pitching for Portland Sea Dogs : RHP Cameron Williams
|
Now at C: Pat Bulger
|
|
Now at 2B: Bobby Morales
|
|
Now at SS: Kyle Holland
|
|
Batting: RHB Jose Pineda
|
0-0: Ball 1-0: Foul Ball, location: 2F 1-1: Called Strike 1-2: Ball 2-2: Foul Ball, location: 2F 2-2: Foul Ball, location: 2F 2-2: Strikes out swinging
|
Pitching: RHP Marquis Williams
|
|
Batting: RHB Luis Romero
|
0-0: Called Strike 0-1: Swinging Strike 0-2: Ball 1-2: SINGLE (Groundball, 5S, EV 69.4 MPH) (infield hit)
|
Batting: SHB Brendan Bundy
|
0-0: Ball 1-0: Ball 2-0: Foul Ball, location: 2F 2-1: Foul Ball, location: 2F 2-2: Strikes out swinging
|
Batting: RHB Jeff Long
|
0-0: Ball 1-0: Swinging Strike 1-1: 2-RUN HOME RUN (Flyball, 7LD, EV 96.2 MPH), Distance : 369 ft
|
Batting: RHB Oren Jones
|
0-0: Called Strike 0-1: Ball 1-1: Ball 2-1: Ground out 4-3 (Groundball, 4M, EV 99.4 MPH)
|
Bottom of the 9th over - 2 runs, 2 hits, 0 errors, 0 left on base; Portland 11 - Arkansas 5 |
|